 Dungeon Crawl Stone Soup version 0.29.1-12-g30fa7ad0bf (webtiles) character file.

Game seed: 4310803622634601629

172 nachturnus the Slasher (level 5, 0/41 HPs)
             Began as a Human Monk on Jan 15, 2023.
             Slain by an iguana (5 damage)
             ... on level 4 of the Dungeon.
             The game lasted 00:10:29 (4249 turns).

nachturnus the Slasher (Human Monk)                 Turns: 4249, Time: 00:10:30

Health: 0/41       AC:  6    Str: 14    XL:     5   Next: 83%
Magic:  5/5        EV: 11    Int: 10    God:
Gold:   200        SH:  3    Dex: 15    Spells: 4/4 levels left

rFire   . . .      SeeInvis .   a - +0 falchion
rCold   + . .      Faith    .   i - +0 buckler
rNeg    . . .      Spirit   .   r - +0 ring mail
rPois   .          Reflect  .   (no helmet)
rElec   .          Harm     .   l - +0 cloak
rCorr   .          Rampage  .   (no gloves)
Will    .....                   (no boots)
Stlth   +.........              (no amulet)
HPRegen 0.13/turn               f - ring of protection from cold
MPRegen 0.09/turn               (no ring)

@: no status effects
A: no striking features
a: no special abilities


You were on level 4 of the Dungeon.
You visited 1 branch of the dungeon, and saw 4 of its levels.

You collected 200 gold pieces.

Inventory:

Hand Weapons
 a - a +0 falchion (weapon)
Armour
 b - a +0 robe
 i - a +0 buckler (worn)
 l - a +0 cloak (worn)
 r - a +0 ring mail (worn)
Jewellery
 f - a ring of protection from cold (left hand)
Wands
 p - a wand of flame (13)
Scrolls
 o - a scroll of amnesia
 q - a scroll of butterflies
Potions
 c - a potion of ambrosia
 d - a potion of heal wounds {unknown}
 e - 2 potions of lignification
 g - a potion of mutation {unknown}
 h - a potion of brilliance {unknown}
 j - 3 potions of invisibility
 m - a potion of haste {unknown}
 n - a potion of flight {unknown}


   Skills:
 - Level 3.0 Fighting
 + Level 6.0 Long Blades
 - Level 3.0 Dodging
 - Level 2.0 Stealth


You had 4 spell levels left.
You didn't know any spells.
Your spell library contained the following spells:

 Spells                   Type           Power      Damage    Failure   Level
 Ozocubu's Armour         Ice            0%         N/A       97%         3
 Ozocubu's Refrigeration  Ice            0%         4d7       100%        7


Dungeon Overview and Level Annotations

Branches:
Dungeon (4/15)
 Temple: D:4-7

Altars:
Gozag
Sif Muna
Uskayaw
The Shining One


Message History

Done exploring.
You climb downwards.
Found 2 gold pieces, a fizzy emerald potion and a mace.
There is a stone staircase leading up here.
An iguana is nearby!
An orc comes into view. It is wielding a +0 flail.
The iguana hisses angrily.
The orc shouts!
You hit the iguana but do no damage. You block the iguana's attack.
You slash the iguana!
The iguana is heavily wounded.
The iguana bites you!
You hit the iguana but do no damage.
The iguana is heavily wounded.
The iguana bites you!
You barely miss the iguana.
The iguana is heavily wounded.
The orc barely misses you. The iguana bites you.
You barely miss the iguana.
The iguana is heavily wounded.
The orc hits you with a +0 flail. The iguana closely misses you.
You closely miss the iguana.
The iguana is heavily wounded.
The orc hits you with a +0 flail. The iguana bites you!
* * * LOW HITPOINT WARNING * * *
You are too injured to fight recklessly!
You are too injured to fight recklessly!
You feel better. The orc completely misses you. The iguana closely misses you.
You hit the iguana but do no damage.
The iguana is heavily wounded.
The orc barely misses you. The iguana bites you.
* * * LOW HITPOINT WARNING * * *
You hit the iguana but do no damage.
The iguana is heavily wounded.
The orc hits you with a +0 flail!
* * * LOW HITPOINT WARNING * * *
The iguana closely misses you.
You hit the iguana.
The iguana is severely wounded.
The orc hits you but does no damage. The iguana bites you.
You die...

.###. ..#
...##..##
........##
##)........
###..........
###............
###...o.$........
......l@.<.......
#..!.........##..
###.........##
#.......###
##...#### #..#
###


You could see an iguana and an orc.

Vanquished Creatures
  Jessica (D:3)
  Ijyb (D:3)
  Natasha (twice) (D:3)
  An adder (D:2)
  A dart slug (D:1)
  4 ball pythons
  8 endoplasms
  4 goblins
  7 hobgoblins
  7 jackals
  A quokka (D:3)
  5 bats
  A frilled lizard (D:1)
  10 kobolds
  3 rats
56 creatures vanquished.

Notes
Turn   | Place    | Note
-------+----------+-------------------------------------------
     0 | D:1      | nachturnus the Human Monk began the quest for the Orb.
     0 | D:1      | Reached XP level 1. HP: 18/18 MP: 1/1
   142 | D:1      | Reached XP level 2. HP: 24/24 MP: 2/2
   196 | D:1      | Found a faded altar of an unknown god.
   595 | D:1      | Reached skill level 4 in Long Blades
   595 | D:1      | Reached XP level 3. HP: 20/29 MP: 3/3
  1636 | D:2      | Reached XP level 4. HP: 25/35 MP: 4/4
  2843 | D:3      | Found an opulent altar of Gozag.
  2844 | D:3      | Noticed Natasha
  2856 | D:3      | Killed Natasha
  2857 | D:3      | Reached skill level 5 in Long Blades
  3016 | D:3      | Noticed Natasha
  3331 | D:3      | Noticed Ijyb
  3344 | D:3      | Killed Ijyb
  3345 | D:3      | Reached XP level 5. HP: 11/41 MP: 5/5
  3728 | D:3      | Killed Natasha
  3915 | D:3      | Found a glowing golden altar of the Shining One.
  3918 | D:3      | Found a shimmering blue altar of Sif Muna.
  3918 | D:3      | Found a hide-covered altar of Uskayaw.
  3969 | D:3      | Noticed Jessica
  3976 | D:3      | Killed Jessica
  3977 | D:3      | Reached skill level 6 in Long Blades
  4249 | D:4      | Slain by an iguana

Illustrated notes

Levels and vault maps discovered:
D:1:      giann_wishing_wells, layout_loops_ring, basic_ecumenical_altar,
          minmay_cut_off
D:2:      layout_loops_corners
D:3:      layout_loops_ring, grunt_temple_overflow_open, uniq_jessica,
          uniq_ijyb, uniq_natasha
D:4:      layout_layer_cave

Skill      XL: |  1  2  3  4  5 |
---------------+----------------+-----
Long Blades    | 4 5 6 |  6.0
Fighting       | |  3.0
Dodging        | |  3.0
Stealth        | |  2.0

Action                   |  1- 3 |  4- 6 || total
-------------------------+-------+-------++-------
Melee: Falchion          |    83 |    80 ||   163
       Punch             |     1 |       ||     1
  Use: Scroll            |     3 |     7 ||    10
       Potion            |       |     2 ||     2
 Stab: Sleeping          |     9 |     6 ||    15
       Distracted        |       |     1 ||     1
Armor: Robe              |    21 |     9 ||    30
       Ring mail         |       |     3 ||     3
Dodge: Dodged            |    50 |    31 ||    81
Block: Buckler           |     8 |     6 ||    14
